[Event "1st Barreau de Paris 2019"]
[Site "Paris"]
[Date "2019.12.18"]
[Round "5.4"]
[White "Mouhamad, Joachim"]
[Black "Maurizzi, Marc Andria"]
[Result "0-1"]
[ECO "D02"]
[WhiteElo "2293"]
[BlackElo "2404"]
[Annotator "NA"]
[PlyCount "114"]
[EventDate "2019.12.16"]
[EventType "tourn"]
[EventCountry "FRA"]
[SourceTitle "playchess.com"]
[Source "ChessBase"]
[SourceQuality "1"]
[TimeControl "5400+30"]

1. d4 Nf6 2. Bf4 d5 3. e3 c5 4. Nf3 e6 5. Nbd2 Nc6 6. c3 cxd4 7. exd4 {[%emt 0:01:03] D02: 1 d4 d5 2 Nf3 sidelines, including 2...Nf6 3 g3 and 2...Nf6 3 Bf4} Nh5 8. Be3 (8. Bg5 f6 9. Be3 Bd6 10. g3 O-O 11. Nh4 g6 12. Be2 Ng7 13. O-O e5 14. dxe5 fxe5 {½-½ (59) Aronian,L (2767)-Nakamura,H (2777) chess.com INT 2018}) 8... Bd6 9. Ne5 g6 10. Nd3 Ng7 11. g3 O-O 12. Bg2 b6 13. O-O Ba6 $146 ({Predecessor:} 13... Bb7 14. Nf3 Qc7 {0-1 (48) Radovanovic,M (2466)-Szabo,M (2307) Porto Carras 2018}) 14. Nf3 Nf5 15. Re1 Nce7 16. Bf4 Bxd3 17. Bxd6 Nxd6 18. Qxd3 b5 19. h4 Rb8 $11 20. a3 h5 21. Ng5 a5 22. Bf3 Ndf5 23. Qe2 Ng7 24. Qd2 Qd6 25. Be2 Ngf5 26. Bf1 b4 27. cxb4 axb4 28. a4 Qb6 29. Nf3 Nc6 30. Rad1 Rfc8 31. Bb5 Na7 32. Bf1 b3 33. a5 Qb4 34. Qg5 Qe7 35. Qf4 Qd6 36. Re5 Qc7 37. Ba6 Nc6 38. Rc1 Qd8 39. Rxf5 exf5 40. Bxc8 Rxc8 41. Qh6 Nxa5 42. Ra1 Ra8 43. Ng5 Qf6 44. Qh7+ Kf8 45. Nf3 Ra7 46. Ne5 Qg7 47. Qxg7+ Kxg7 48. Ra3 Nc6 49. Rxa7 Nxa7 50. Kf1 Nb5 51. Nc6 Kf6 52. Ke2 f4 53. gxf4 Kf5 54. Kf3 f6 55. Ne7+ Ke6 56. Nxg6 Nxd4+ 57. Ke3 Nf5+ 0-1

[Event "1st Barreau de Paris 2019"]
[Site "Paris"]
[Date "2019.12.19"]
[Round "7.5"]
[White "Sochacki, Wojtek"]
[Black "Mouhamad, Joachim"]
[Result "1-0"]
[ECO "E60"]
[WhiteElo "2320"]
[BlackElo "2293"]
[Annotator "NA"]
[PlyCount "143"]
[EventDate "2019.12.16"]
[EventType "tourn"]
[EventCountry "FRA"]
[SourceTitle "playchess.com"]
[Source "ChessBase"]
[SourceQuality "1"]
[TimeControl "5400+30"]

1. Nf3 Nf6 2. c4 g6 3. b3 Bg7 4. Bb2 O-O 5. g3 c5 6. Bg2 Nc6 7. O-O d6 8. d4 Ne4 9. h3 {[%emt 0:03:00] E60: King's Indian: Unusual lines and Fianchetto Variation without Nc3} Rb8 $146 ({Predecessor:} 9... Bf5 10. e3 Nf6 11. Nc3 cxd4 12. Nxd4 Bd7 13. Qe2 a6 14. Rfd1 Rc8 15. Rac1 Qa5 16. a3 Rfe8 {1-0 (33) Kramnik,V (2783)-Caruana,F (2811) Zuerich 2015}) 10. Nbd2 Nxd2 11. Qxd2 cxd4 12. Nxd4 Nxd4 13. Bxd4 Bxd4 14. Qxd4 Qa5 15. h4 Be6 16. Rfd1 Rfc8 17. a4 Rc5 18. Qd2 Qxd2 19. Rxd2 b6 20. e3 Kg7 21. Kf1 h6 22. Ke2 Rbc8 $11 23. Rad1 Bd7 24. Rd5 Kf6 25. Kd3 R5c7 26. e4 Be6 27. Rb5 Bg4 28. Ra1 Bd7 29. Rb4 Rc5 30. Ke3 Ra5 31. Bf1 g5 32. hxg5+ hxg5 33. Bd3 Rh8 34. Rb5 Rb8 35. b4 Rxb5 36. axb5 Rb7 37. f4 gxf4+ 38. gxf4 Rc7 39. Rf1 Bc8 40. Kd4 Rd7 41. Ke3 Rc7 42. Rg1 a6 43. bxa6 Bxa6 44. b5 Bc8 45. Rg8 Rc5 46. Rd8 Be6 47. Kd4 Bc8 48. e5+ dxe5+ 49. fxe5+ Kg5 50. Rg8+ Kf4 51. Rf8 Be6 52. Rb8 Rc8 53. Rxb6 Rd8+ 54. Kc3 Kxe5 55. c5 f5 56. Rb7 Re8 57. Bc4 f4 58. Ra7 f3 59. Ra1 Bh3 60. b6 f2 61. Kb4 Bg2 62. Bf1 Bd5 63. Bb5 Rf8 64. Rc1 Rb8 65. Rf1 Rf8 66. c6 Kd6 67. Rd1 Rf4+ 68. Ka5 Kc5 69. Rxd5+ Kxd5 70. b7 f1=Q 71. Bxf1 Rxf1 72. c7 1-0

[Event "1st Barreau de Paris 2019"]
[Site "Paris"]
[Date "2019.12.20"]
[Round "9.5"]
[White "Sochacki, Wojtek"]
[Black "Maurizzi, Marc Andria"]
[Result "0-1"]
[ECO "A05"]
[WhiteElo "2320"]
[BlackElo "2404"]
[Annotator "NA"]
[PlyCount "80"]
[EventDate "2019.12.16"]
[EventType "tourn"]
[EventCountry "FRA"]
[SourceTitle "playchess.com"]
[Source "ChessBase"]
[SourceQuality "1"]
[TimeControl "5400+30"]

1. Nf3 Nf6 2. g3 b6 3. Bg2 Bb7 4. O-O g6 5. d3 d6 6. e4 c5 7. Nc3 Bg7 {[%emt 0:01:05] A05: Réti Opening: 1 Nf3 Nf6} 8. d4 $146 ({Predecessor:} 8. Nh4 Nc6 9. f4 e6 10. a4 Qd7 11. g4 O-O-O 12. h3 Kb8 13. Nb5 Ne8 14. c3 Nc7 15. Be3 {½-½ (41) Teterev,V (2487)-Rozum,I (2606) Minsk 2017}) 8... Nxe4 9. Nxe4 Bxe4 10. d5 O-O 11. Re1 Bxf3 12. Qxf3 Nd7 13. a4 Bf6 14. Ra3 a6 15. Bf1 Ne5 16. Qe4 Qc7 17. f4 Nd7 18. g4 Rfe8 19. Kh1 e6 20. dxe6 fxe6 21. c4 Bd4 22. Bg2 $15 d5 23. Qe2 Nf6 24. Be3 Rad8 25. Bxd4 cxd4 26. cxd5 exd5 27. Qf1 Rxe1 28. Qxe1 Re8 29. Qd2 Ne4 30. Bxe4 Rxe4 31. Rf3 Qe7 32. Kg1 Qe6 33. h3 Re3 34. Kf2 Qe4 35. Qd1 Kf7 36. Qh1 Re2+ 37. Kg3 Re3 38. Qf1 d3 39. Rxe3 Qxe3+ 40. Kh4 d2 0-1